 Dungeon Crawl Stone Soup version 0.24-a0-355-gbe4061de67 (webtiles) character file.

Game seed: 5571432546168340796

17 Borgoz the Skirmisher (level 2, -1/25 (26) HPs)
             Began as a Ghoul Monk on May 24, 2019.
             Slain by a worm (8 damage)
             ... on level 2 of the Dungeon.
             The game lasted 00:01:14 (1011 turns).

Borgoz the Skirmisher (Ghoul Monk)                  Turns: 1011, Time: 00:01:15

HP:   -1/25 (26)    AC:  5    Str: 14    XL:     2   Next: 62%
MP:   1/1           EV: 13    Int:  5    God:
Gold: 64            SH:  0    Dex: 11    Spells: 1/1 levels left

rFire    . . .     SeeInvis .   a - +0 mace
rCold    + . .     Gourm    .   (no shield)
rNeg     + + +     Faith    .   b - +0 robe
rPois    ∞         Spirit   .   (no helmet)
rElec    .         Reflect  .   (no cloak)
rCorr    .         Harm     .   f - +1 pair of gloves
MR       .....                  g - +0 pair of boots
Stlth    ++........             (no amulet)
HPRegen  0.00/turn              (no ring)
MPRegen  0.07/turn              (no ring)

@: rotting
A: rotting body, claws 1, carnivore, cold resistance 1, negative energy
resistance 3, inhibited regeneration, torment resistance, unbreathing
a: no special abilities


You were on level 2 of the Dungeon.
You were not hungry.

You visited 1 branch of the dungeon, and saw 2 of its levels.

You collected 64 gold pieces.

Inventory:

Hand Weapons
 a - a +0 mace (weapon)
Armour
 b - a +0 robe (worn)
 f - a +1 pair of gloves (worn)
 g - a +0 pair of boots (worn)
Scrolls
 d - 2 scrolls of identify
 e - a scroll of amnesia {unknown}
 i - a scroll of fear {unknown}
Comestibles
 c - 4 rations
 h - 3 chunks of flesh


   Skills:
 - Level 3.2 Fighting
 * Level 3.0 Maces & Flails
 * Level 1.1 Armour
 + Level 2.8 Dodging
 - Level 2.1 Stealth


You had one spell level left.
You didn't know any spells.
Your spell library was empty.

Dungeon Overview and Level Annotations

Branches:
Dungeon (2/15)

Altars:


Innate Abilities, Weirdness & Mutations

Your body is rotting away.
You thrive on raw meat.
You are immune to poison.
You have sharp fingernails.
You are carnivorous and can eat meat at any time.
Your flesh is cold resistant. (rC+)
You are immune to negative energy. (rN+++)
You do not regenerate when monsters are visible.
You are immune to unholy pain and torment.
You can survive without breathing.


Message History

You barely miss the worm.
The worm is heavily wounded.
The worm bites you.
You hit the worm.
The worm is heavily wounded.
The worm misses you.
You hit the worm.
The worm is severely wounded.
The worm bites you.
You hit the worm.
The worm is severely wounded.
You barely miss the worm.
The worm is severely wounded.
The worm bites you!
* * * LOW HITPOINT WARNING * * *
You are too injured to fight recklessly!
You hit the worm but do no damage.
The worm is severely wounded.
The worm bites you!
You die...

#### #...####
#######
####......###.....#
......w@..........#
##....$.........#.#
....=....######.#.#
..##....## #.#.# .
......# ###.#.#
.##..#.# #.....# .
....#.# #.#...#
###.#.# #.#..)#
#.#...#


You could see a worm.

Vanquished Creatures
  2 dart slugs (D:1)
  A leopard gecko (D:1)
  4 goblins
  2 hobgoblins (D:1)
  A bat (D:1)
  A frilled lizard (D:1)
  A rat (D:1)
12 creatures vanquished.

Notes
Turn   | Place    | Note
-------+----------+-------------------------------------------
     0 | D:1      | Borgoz the Ghoul Monk began the quest for the Orb.
     0 | D:1      | Reached XP level 1. HP: 19/19 MP: 0/0
   266 | D:1      | Reached XP level 2. HP: 25/26 MP: 1/1
   673 | D:1      | Reached skill level 1 in Armour
  1011 | D:2      | Slain by a worm

Levels and vault maps discovered:
D:1:      dpeg_arrival_refuge, layout_loops_corners
D:2:      layout_loops_ring, first_ration, roderic_serpentine_path,
          patterned_corridor, uniq_crazy_yiuf_cottage, uniq_terence

Skill      XL: |  1  2 |
---------------+-------+-----
Maces & Flails | 3 |  3.0
Armour         | 1 |  1.1
Fighting       | |  3.2
Dodging        | |  2.8
Stealth        | |  2.1

Action                   || total
-------------------------++-------
Melee: Mace              ||    38
  Use: Scroll            ||     2
 Stab: Sleeping          ||     1
  Eat: Chunk             ||     3
Armor: Robe              ||     9
Dodge: Dodged            ||    14

Table legend:
 A = Non-vault XP
 B = Vault XP
 C = Vault XP percentage of total XP
 D = Non-vault monster count
 E = Vault monster count
 F = Vault count percentage of total count
                 A         B        C        D         E       F
            +---------+---------+-------+---------+---------+-------
      Total |      25 |       0 |   0.0 |      12 |       0 |   0.0
            +---------+---------+-------+---------+---------+-------
        D:1 |      24 |       0 |   0.0 |      11 |       0 |   0.0
        D:2 |       1 |       0 |   0.0 |       1 |       0 |   0.0
            +---------+---------+-------+---------+---------+-------
